Map: 亚历山大港 - 天梯版

Players

Lambo - Winner!

  • Race: Zerg Zerg
  • League: Gold

Lobo

  • Race: Protoss Protoss

Event: WESG 2018 Grand Finals

VOD

Have the link to the VOD?

Description

Time

  • Played on: March 11, 2019, 6:45 a.m.
  • Length: 7:05

All games in this series

Show
View Real Time Build Order
Export as new Build Order

Lambo Zerg - Winner!

Build Orders: Hatch First 

Get SALT Encoding   

  12  0:01  Drone  
  13  0:12  Overlord  
  13  0:18  Drone  
  14  0:31  Drone x2  
  16  0:49  Hatchery  
  15  0:53  Drone  
  16  0:57  Drone  
  16  1:00  Drone  
  18  1:11  Extractor  
  17  1:15  Spawning Pool  
  16  1:18  Drone  
  16  1:22  Drone  
  18  1:28  Drone  
  19  1:39  Drone  
  20  1:54  Overlord  
  20  2:01  Queen x2  
  20  2:02  Zergling x4  
  26  2:11  Drone  
  26  2:13  Drone  
  26  2:14  Metabolic Boost  
  28  2:23  Drone  
  28  2:24  Drone  
  30  2:38  Hatchery  
  30  2:41  Drone  
  30  2:44  Drone  
  31  2:45  Drone  
  32  2:51  Overlord  
  32  2:54  Drone  
  33  3:02  Queen  
  33  3:04  Drone  
  36  3:10  Drone x3  
  36  3:11  Drone  
  40  3:15  Overlord  
  40  3:17  Drone  
  40  3:22  Overlord  
  40  3:24  Drone  
  41  3:29  Drone  
  42  3:35  Drone x3  
  42  3:41  Drone  
  46  3:43  Zergling x6  
  46  3:47  Roach Warren  
  48  3:51  Extractor  
  48  3:52  Lair  
  48  3:53  Drone, Extractor  
  47  3:58  Zergling x2  
  47  4:00  Drone  
  47  4:01  Drone x2  
  51  4:06  Drone  
  51  4:08  Drone  
  52  4:15  Drone x3  
  55  4:17  Overlord  
  55  4:25  Overlord  
  55  4:33  Roach x5  
  55  4:34  Overlord  
  55  4:36  Overlord  
  65  4:42  Roach x3  
  71  4:45  Overlord  
  71  4:48  Roach  
  71  4:51  Roach  
  75  4:56  Roach x2  
  75  4:57  Glial Reconstitution  
  79  5:01  Overlord  
  78  5:09  Roach x4  
  85  5:14  Overlord  
  85  5:15  Roach  
  85  5:20  Roach  
  85  5:21  Roach  
  91  5:25  Roach x2  
  94  5:32  Roach x2  
  94  5:35  Roach  
  99  5:39  Roach, Zergling x2  
  99  5:40  Zergling x4  
  99  5:41  Roach  
  106  5:43  Overlord  
  106  5:45  Roach  
  106  5:49  Roach  
  110  5:50  Roach  
  110  5:56  Roach x2  
  114  5:59  Roach  
  114  6:02  Roach, Zergling x4  
  109  6:05  Zergling x4  
  109  6:08  Roach  
  109  6:11  Roach  
  106  6:13  Roach  
  98  6:19  Roach  
  91  6:26  Drone x3  
  91  6:27  Drone x3  
  93  6:33  Drone x3  
  93  6:34  Drone  
  93  6:38  Roach x2  
  101  6:40  Roach  
  101  6:43  Roach  
Show
View Real Time Build Order
Export as new Build Order

Lobo Protoss 

Build Orders: 1 Gate Expand 

Get SALT Encoding   

  12  0:00  Probe  
  13  0:12  Probe  
  14  0:20  Pylon  
  14  0:24  Probe  
  15  0:35  Probe  
  15  0:39  Gateway  
  16  0:43  Probe  
  17  0:50  Assimilator  
  17  0:52  Probe  
  18  1:04  Probe  
  19  1:16  Probe  
  20  1:27  Nexus  
  20  1:38  Cybernetics Core  
  20  1:41  Probe  
  21  1:49  Assimilator  
  21  1:54  Probe  
  22  1:56  Pylon  
  22  2:06  Probe  
  22  2:07  Adept  
  23  2:18  Probe  
  26  2:24  Robotics Facility  
  26  2:28  Adept  
  26  2:30  Probe  
  27  2:38  Probe  
  27  2:42  Probe  
  31  2:48  Stalker  
  31  2:50  Warp Gate  
  31  2:51  Probe  
  31  2:56  Probe  
  33  3:03  Probe  
  36  3:09  Probe  
  36  3:12  Warp Prism  
  39  3:18  Sentry, Probe  
  42  3:21  Probe  
  43  3:38  Twilight Council  
  43  3:41  Gateway  
  43  3:43  Gateway  
  43  3:57  Charge, Immortal  
  43  4:09  Gateway  
  43  4:12  Pylon  
  43  4:27  Immortal  
  43  4:30  Gateway  
  43  4:33  Gateway  
  43  4:34  Gateway  
  43  4:35  Gateway  
  47  4:40  Zealot  
  49  4:48  Zealot  
  49  4:50  Zealot  
  53  4:53  Pylon  
  53  5:02  Pylon  
  53  5:03  Pylon  
  53  5:16  Pylon  
  53  5:19  Zealot x3  
  53  5:20  Zealot  
  61  5:40  Zealot  
  61  5:41  Zealot x7  
  69  6:02  Zealot x5  
  69  6:03  Zealot x2  
  71  6:09  Zealot  
  45  6:39  Zealot x6  
  57  6:40  Zealot  
  57  6:41  Zealot  
Tags
 
Add a new tag
Caveats
  • Supply blocks, unpowered buildings, or Contaminate may cause inaccurate times.
  • Supply counts are checked every 10 seconds.